 Dungeon Crawl Stone Soup version 0.19.0-2-gae57169 (webtiles) character file.

876 Jerry the Covered (level 7, -4/63 HPs)
             Began as a Minotaur Fighter on Nov 3, 2016.
             Slain by an iguana (12 damage)
             ... on level 6 of the Dungeon.
             The game lasted 00:14:02 (4340 turns).

Jerry the Covered (Minotaur Fighter)                Turns: 4340, Time: 00:14:02

Health: -4/63      AC:  7    Str: 20    XL:     7   Next: 74%
Magic:  6/6        EV:  8    Int:  5    God:
Gold:   602        SH: 10    Dex: 12    Spells: 0 memorised, 6 levels left

rFire  . . .     SeeInvis .     a - +0 long sword
rCold  . . .     Gourm    .     b - +0 scale mail
rNeg   . . .     Faith    .     c - +0 shield
rPois  .         Spirit   .     (helmet restricted)
rElec  .         Reflect  .     (no cloak)
rCorr  +         Harm     .     (no gloves)
MR     .....                    (no boots)
Stlth  ..........               (no amulet)
                                H - ring of resist corrosion
                                (no ring)

@: lethally poisoned (-4 -> -5), exhausted, slowed, very slow
A: retaliatory headbutt, horns 2
a: no special abilities


You were on level 6 of the Dungeon.
You were hungry.

You visited 1 branch of the dungeon, and saw 6 of its levels.
You also visited: Ossuary.

You collected 602 gold pieces.

Inventory:

Hand Weapons
 a - a +0 long sword (weapon)
 m - a +0 hunting sling
Missiles
 v - 47 sling bullets
Armour
 b - a +0 scale mail (worn)
 c - a +0 shield (worn)
Jewellery
 k - an uncursed ring of wizardry
 p - an uncursed ring of positive energy
 H - a ring of resist corrosion (right hand)
Wands
 y - a wand of random effects (20/48)
Scrolls
 e - a scroll of random uselessness {unknown}
 h - 2 scrolls of teleportation {unknown}
 j - 4 scrolls of amnesia {unknown}
 q - 2 scrolls of fog {unknown}
 t - 2 scrolls of magic mapping {unknown}
 u - 6 scrolls of remove curse
 w - 2 scrolls of recharging {unknown}
 x - 2 scrolls of enchant armour {unknown}
Potions
 d - a potion of might
 g - 2 potions of curing {unknown}
 i - a potion of invisibility {unknown}
 l - a potion of mutation {unknown}
 n - 2 potions of berserk rage
 o - 5 potions of heal wounds {unknown}
 r - 3 potions of resistance {unknown}
 A - a potion of ambrosia {unknown}
 B - 3 potions of agility {unknown}
 D - 3 potions of flight {unknown}
 G - 2 potions of degeneration {unknown}
 I - a potion of lignification {unknown}
 J - a potion of brilliance {unknown}
Books
 C - a book of Minor Magic

   Spells                             Type                      Level
   a - Magic Dart                     Conjuration                  1
   b - Blink                          Translocation                2
   c - Call Imp                       Summoning                    2
   d - Repel Missiles                 Charms/Air                   2
   e - Slow                           Hexes                        2
   f - Conjure Flame                  Conjuration/Fire             3
   g - Mephitic Cloud                 Conjuration/Poison/Air       3
 E - a book of Misfortune

   Spells                             Type                      Level
   a - Confusing Touch                Hexes                        1
   b - Confuse                        Hexes                        3
   c - Gell's Gravitas                Hexes/Translocation          3
   d - Petrify                        Transmutation/Earth          4
   e - Metabolic Englaciation         Hexes/Ice                    5
   f - Yara's Violent Unravelling     Hexes/Transmutation          5
Comestibles
 f - 3 bread rations
 s - 2 meat rations
 z - 2 beef jerkies
 F - a fruit


   Skills:
 + Level 6.2 Fighting
 + Level 5.9 Long Blades
 + Level 6.4 Armour
 + Level 6.2 Shields


You had 6 spell levels left.
You didn't know any spells.

Dungeon Overview and Level Annotations

Branches:
Dungeon (6/15)
 Temple: D:4-7

Altars:
Elyvilon
Makhleb


Innate Abilities, Weirdness & Mutations

You reflexively headbutt those who attack you in melee.
You have a pair of horns on your head.


Message History

The iguana barely misses you.
You riposte.
You hit the iguana.
The iguana is severely wounded.
The iguana barely misses you.
You closely miss the iguana.
The iguana is severely wounded.
You feel sick. The iguana barely misses you. You block the iguana's attack.
You closely miss the iguana.
The iguana is severely wounded.
You block the iguana's attack.
You hit the iguana.
You headbutt the iguana, but do no damage.
The iguana is severely wounded.
You feel sick. You block the iguana's attack. You block the orc's attack.
You block the iguana's attack. The orc hits you but does no damage.
You hit the iguana but do no damage.
The iguana is severely wounded.
The iguana barely misses you. The orc hits you with a short sword.
* * * LOW HITPOINT WARNING * * *
The iguana bites you!
You die...

#.# ####.# #..## ### #.#
#.#### #.[#
....######.#####.#####
#..##
..).................>#
#...<
......###.#.#########
##.##
###..#.....o.........# #.#
..(..#.....#.#######.# #.#
#...†...#o#.......# #.#
#.......#@#.###########.##
#...#####l#...............
#<#.## #.################
..## ###..# #.#
.....###..# #.# #.....)##
#.# #.......# #.#
#.._..#.###.#
#........##.#


You could see an iguana and 2 orcs.

Vanquished Creatures
  An ogre (D:4)
  2 bullfrogs
  2 howler monkeys (D:6)
  A bullfrog skeleton (D:4)
  4 hounds
  An orc priest (D:6)
  An iguana (D:6)
  An orc wizard (D:5)
  3 worker ants
  8 mummies (Ossuary)
  4 adders
  A shadow imp (D:6)
  An ooze (D:3)
  An adder zombie (D:3)
  3 worms
  A dart slug (D:1)
  5 leopard geckos
  19 orcs
  10 bats
  4 giant cockroaches
  2 gnoll zombies (Ossuary)
  14 goblins
  3 hobgoblins
  6 quokkas
  7 frilled lizards
  2 hobgoblin zombies (Ossuary)
  10 kobolds
  4 kobold zombies (Ossuary)
  5 rats
126 creatures vanquished.

Notes
Turn   | Place    | Note
-------+----------+-------------------------------------------
     0 | D:1      | Jerry the Minotaur Fighter began the quest for the Orb.
     0 | D:1      | Reached XP level 1. HP: 19/19 MP: 0/0
   135 | D:1      | Reached XP level 2. HP: 27/27 MP: 1/1
   482 | D:2      | Reached XP level 3. HP: 32/33 MP: 2/2
  1260 | D:3      | Noticed a bullfrog
  1264 | D:3      | Reached XP level 4. HP: 34/40 MP: 3/3
  1270 | D:3      | Killed a bullfrog
  1451 | D:3      | Reached XP level 5. HP: 44/47 MP: 4/4
  1848 | D:4      | Reached skill level 5 in Armour
  2112 | D:4      | Reached skill level 5 in Shields
  2668 | D:4      | Reached skill level 5 in Fighting
  2668 | D:4      | Reached XP level 6. HP: 41/56 MP: 5/5
  3022 | D:5      | Entered Level 5 of the Dungeon
  3176 | D:5      | Got a pair of smoking gloves
  3182 | D:5      | Identified the cursed -5 pair of gloves of Decompression {*Slow rElec rC++ Int+3} (You found it on level 5 of the Dungeon)
  3202 | D:5      | Found a sand-covered staircase.
  3213 | Ossuary  | Entered an ossuary
  3257 | Ossuary  | Reached skill level 5 in Long Blades
  3554 | Ossuary  | Reached XP level 7. HP: 54/61 MP: 6/6
  3708 | D:5      | Found a burning altar of Makhleb.
  4182 | D:6      | Found a white marble altar of Elyvilon.
  4340 | D:6      | Slain by an iguana

Skill      XL: |  1  2  3  4  5  6  7 |
---------------+----------------------+-----
Shields        | 4 5 6 |  6.2
Long Blades    | 3 4 5 |  5.9
Armour         | 4 5 6 |  6.4
Fighting       | 4 5 6 |  6.2

Action                   |  1- 3 |  4- 6 |  7- 9 || total
-------------------------+-------+-------+-------++-------
Melee: Long sword        |   114 |   156 |    93 ||   363
       Headbutt          |    14 |    30 |    15 ||    59
 Fire: Hunting sling     |     3 |       |       ||     3
Evoke: Wand              |       |     1 |       ||     1
  Use: Scroll            |       |     2 |       ||     2
       Potion            |       |       |     1 ||     1
  Eat: Chunk             |     1 |     7 |     2 ||    10
       Fruit             |       |       |     1 ||     1
Armor: Scale mail        |    54 |    54 |    23 ||   131
Dodge: Dodged            |    33 |    46 |    22 ||   101
Block: Shield            |    60 |    65 |    47 ||   172
       Rpst.: Long sword |     8 |     6 |     6 ||    20
